 Dungeon Crawl Stone Soup version 0.21.1-1-g345015f (webtiles) character file.

130 Iko the Shooter (level 5, -12/44 HPs)
             Began as a Naga Arcane Marksman on May 3, 2018.
             Mangled by an orc warrior
             ... wielding a +0 battleaxe
              (17 damage)
             ... on level 7 of the Dungeon.
             The game lasted 00:09:05 (832 turns).

Iko the Shooter (Naga Arcane Marksman)               Turns: 832, Time: 00:09:08

Health: -12/44     AC:  5    Str: 13    XL:     5   Next: 13%
Magic:  4/6        EV:  9    Int: 13    God:
Gold:   34         SH:  0    Dex: 12    Spells: 2/6 levels left

rFire    . . .     SeeInvis +   a - +1 shortbow
rCold    + . .     Gourm    .   (shield currently unavailable)
rNeg     . . .     Faith    .   e - +1 ring mail {rC+}
rPois    +         Spirit   .   (no helmet)
rElec    .         Reflect  .   (no cloak)
rCorr    .         Harm     .   (no gloves)
MR       .....                  (no barding)
Stlth    +.........             (no amulet)
HPRegen  0.14/turn              b - ring of see invisible
MPRegen  0.10/turn              (no ring)

@: very slightly contaminated, very slow
A: large, see invisible, deformed body, poison resistance, slowness 2, slow
metabolism 1, spit poison 1, AC +1
a: Spit Poison


You were on level 7 of the Dungeon.
You were not hungry.

You visited 1 branch of the dungeon, and saw 7 of its levels.

You collected 34 gold pieces.

Inventory:

Hand Weapons
 a - a +1 shortbow (weapon)
Missiles
 d - 26 arrows (quivered)
Armour
 e - a +1 ring mail of cold resistance (worn)
Jewellery
 b - a ring of see invisible (left hand)
Wands
 i - a wand of iceblast (3)
Potions
 g - a potion of agility
Books
 c - a book of Debilitation

   Spells                             Type                      Level
   a - Corona                         Hexes                        1
   b - Slow                           Hexes                        2
   c - Inner Flame                    Hexes/Fire                   3
   d - Portal Projectile              Hexes/Translocation          3
   e - Cause Fear                     Hexes                        4
   f - Leda's Liquefaction            Hexes/Earth                  4
Comestibles
 f - 4 rations


   Skills:
 + Level 1.4 Fighting
 + Level 3.7 Bows
 + Level 0.5 Armour
 + Level 1.9 Dodging
 + Level 1.1 Spellcasting
 + Level 3.6 Hexes


You had 2 spell levels left.
You knew the following spells:

 Your Spells              Type           Power        Failure   Level  Hunger
a - Leda's Liquefaction   Hex/Erth       #.........   95%         4    #####..


Dungeon Overview and Level Annotations

Branches:
Dungeon (7/15)
 Temple: D:4-7

Altars:
Gozag

Shops:
D:4 (


Innate Abilities, Weirdness & Mutations

You cannot wear boots.
Your serpentine skin is tough. (AC +1)
You have supernaturally acute eyesight. (SInv)
Armour fits poorly on your strangely shaped body.
Your system is resistant to poisons. (rPois)
You cover ground very slowly.
You have a slow metabolism.
You can spit poison.


Message History

The orc warrior is healed somewhat.
Firing (i - inventory):
d - 28 arrows (quivered)
Press: ? - help, Shift-Dir - straight line, f/p - orc warrior
Aim: an orc warrior, wielding a battleaxe and wearing a chain mail (heavily wounded, inner flame)
You shoot an arrow. The arrow hits the orc warrior!
The orc warrior is severely wounded.
You have got your breath back.
The orc wizard casts a spell.
The orc wizard seems to speed up.
The orc warrior closely misses you.
Firing (i - inventory):
d - 27 arrows (quivered)
Press: ? - help, Shift-Dir - straight line, f/p - orc warrior
Aim: an orc warrior, wielding a battleaxe and wearing a chain mail (severely wounded, inner flame)
You shoot an arrow.
The arrow barely misses the orc warrior.
The arrow hits the orc priest.
The orc priest is severely wounded.
The orc wizard mumbles some strange words.
The orc wizard blinks!
The orc warrior hits you with a battleaxe!
You die...

#.....# #.#
####### ##.#
#..# #.##
#.# #.# #.#
#.########.#
#..o.(oo@).#
############


You could see an orc warrior (inner flame), an orc priest (inner flame) and an
orc wizard.

Vanquished Creatures
  2 scorpions
  A shadow imp (D:6)
  An adder skeleton (D:4)
  A dart slug (D:2)
  3 orcs
  A giant cockroach (D:3)
  2 hobgoblins (D:1)
  A kobold (D:3)
  A quokka (D:6)
  3 bats
  A frilled lizard (D:2)
  A rat (D:1)
18 creatures vanquished.

Notes
Turn   | Place    | Note
-------+----------+-------------------------------------------
     0 | D:1      | Iko the Naga Arcane Marksman began the quest for the Orb.
     0 | D:1      | Reached XP level 1. HP: 18/18 MP: 2/2
   144 | D:2      | Reached XP level 2. HP: 25/25 MP: 3/3
   290 | D:3      | Found an opulent altar of Gozag.
   388 | D:4      | Noticed a scorpion
   398 | D:4      | Killed a scorpion
   398 | D:4      | Reached XP level 3. HP: 9/31 MP: 4/4
   398 | D:4      | Reached XP level 4. HP: 11/38 MP: 5/5
   538 | D:4      | Found Sas Bate's Antique Weapon Boutique.
   574 | D:5      | Entered Level 5 of the Dungeon
   659 | D:6      | Learned a level 4 spell: Leda's Liquefaction
   711 | D:6      | Reached XP level 5. HP: 36/44 MP: 6/6
   821 | D:7      | Noticed an orc warrior
   832 | D:7      | Mangled by an orc warrior

Skill      XL: |  1  2 |
---------------+-------+-----
Bows           | 2 3 |  3.7
Fighting       | |  1.4
Armour         | |  0.5
Dodging        | |  1.9
Spellcasting   | |  1.1
Hexes          | |  3.6

Action                   |  1- 3 |  4- 6 || total
-------------------------+-------+-------++-------
Melee: Shortbow          |     2 |       ||     2
 Fire: Shortbow          |    30 |    31 ||    61
 Abil: Spit Poison       |     1 |     7 ||     8
  Use: Potion            |     2 |       ||     2
       Scroll            |     2 |     3 ||     5
Armor: Robe              |     1 |       ||     1
       Leather armour    |     3 |       ||     3
       Ring mail         |     1 |    10 ||    11
Dodge: Dodged            |    12 |     5 ||    17
